 Dungeon Crawl Stone Soup version 0.22-a0-571-g4a923d4 (webtiles) character file.

701 iamserjio the Cudgeler (level 7, -1/44 HPs)
             Began as a Gargoyle Fighter on July 1, 2018.
             Was a Follower of Makhleb.
             Slain by a phantom (4 damage)
             ... on level 7 of the Dungeon.
             The game lasted 00:09:11 (1380 turns).

iamserjio the Cudgeler (Gargoyle Fighter)           Turns: 1380, Time: 00:09:12

Health: -1/44      AC: 17    Str: 20 (21) XL:     7   Next: 66%
Magic:  7/7        EV:  4    Int:  7 (8)  God:    Makhleb [*.....]
Gold:   198        SH:  9    Dex:  8 (10) Spells: 6/6 levels left

rFire    . . .     SeeInvis .   a - +0 flail
rCold    . . .     Gourm    .   c - +0 shield
rNeg     + . .     Faith    .   l - +0 plate armour
rPois    ∞         Spirit   .   (no helmet)
rElec    +         Reflect  .   (no cloak)
rCorr    .         Harm     .   (no gloves)
MR       .....                  (no boots)
Stlth    ..........             (no amulet)
HPRegen  0.14/turn              (no ring)
MPRegen  0.10/turn              (no ring)

@: very slightly contaminated
A: negative energy resistance 1, electricity resistance, unbreathing,
petrification resistance, rot immunity, AC +4
a: Renounce Religion


You were on level 7 of the Dungeon.
You worshipped Makhleb.
Makhleb was aware of your devotion.
You were hungry.

You visited 1 branch of the dungeon, and saw 7 of its levels.

You collected 198 gold pieces.

Inventory:

Hand Weapons
 a - a +0 flail (weapon)
Missiles
 n - 2 throwing nets (quivered) {!f}
Armour
 b - a +0 scale mail
 c - a +0 shield (worn)
 l - a +0 plate armour (worn)
Wands
 v - a wand of random effects (23)
Scrolls
 d - a scroll of fog {unknown}
 e - a scroll of blinking {unknown}
 g - 6 scrolls of remove curse {unknown}
 i - 2 scrolls of immolation {unknown}
 k - 3 scrolls of identify {unknown}
 m - 2 scrolls of teleportation {unknown}
 o - a scroll of brand weapon {unknown}
 t - a scroll of enchant weapon {unknown}
Potions
 h - a potion of degeneration
 j - a potion of magic
 s - a potion of lignification
 u - a potion of might
Comestibles
 f - 7 rations


   Skills:
 + Level 5.2 Fighting
 * Level 5.3 Maces & Flails
 + Level 5.2 Armour
 + Level 5.1 Shields


You had 6 spell levels left.
You didn't know any spells.
Your spell library was empty.

Dungeon Overview and Level Annotations

Branches:
Dungeon (7/15)
 Temple: D:4-7

Altars:
Kikubaaqudgha
Makhleb
Vehumet
Wu Jian
Xom

Annotations:
D:3 2 runed doors, TheNamelessOne's ghost, amateur OgMo
D:6 2 transporters


Innate Abilities, Weirdness & Mutations

You are resistant to torment.
Your stone body is resilient. (AC +4)
You are immune to poison.
You resist negative energy. (rN+)
You are resistant to electric shocks. (rElec)
You can survive without breathing.
You are immune to petrification.
You are immune to rotting.


Message History

The phantom blinks!
Your plate armour prevents you from hitting the giant cockroach.
The giant cockroach is heavily wounded.
You block the giant cockroach's attack.
You hit the giant cockroach but do no damage.
The giant cockroach is heavily wounded.
The giant cockroach bites you but does no damage.
You block the giant cockroach's attack.
Your shield and plate armour prevent you from hitting the giant cockroach.
The giant cockroach is heavily wounded.
The giant cockroach bites you but does no damage.
You completely miss the giant cockroach.
The giant cockroach is heavily wounded.
You block the giant cockroach's attack.
Your shield and plate armour prevent you from hitting the phantom.
The phantom is almost destroyed.
Your shield prevents you from hitting the phantom.
The phantom is almost destroyed.
The phantom hits you.
You die...

### ## ..# #.##
:.. #...#
#.#......
#$#...... #
#........
#.#####.#......
#..<.@Ws.......
#######.#......
#.# ##..# #<# #
#.# #.# ... ###


You could see a phantom and a giant cockroach.

Vanquished Creatures
  Menkaure (D:5)
  An ogre (D:5)
  A bullfrog (D:6)
  2 hounds (D:6)
  An orc priest (D:7)
  A gnoll shaman (D:5)
  3 orc wizards
  3 worker ants (D:4)
  6 gnolls (D:5)
  4 adders
  A shadow imp (D:5)
  2 adder skeletons
  A worm (D:5)
  2 dart slugs
  A leopard gecko (D:2)
  3 orcs
  4 bats
  3 giant cockroaches
  6 goblins
  7 hobgoblins
  3 quokkas
  2 ball pythons (D:1)
  4 frilled lizards
  2 kobolds
  5 rats
69 creatures vanquished.

Notes
Turn   | Place    | Note
-------+----------+-------------------------------------------
     0 | D:1      | iamserjio the Gargoyle Fighter began the quest for the Orb.
     0 | D:1      | Reached XP level 1. HP: 14/14 MP: 1/1
    37 | D:1      | Reached XP level 2. HP: 14/19 MP: 2/2
   139 | D:3      | Reached XP level 3. HP: 15/23 MP: 3/3
   154 | D:3      | Reached XP level 4. HP: 4/29 MP: 4/4
   348 | D:3      | Found a runed gate.
   348 | D:3      | Found a runed gate.
   350 | D:3      | Noticed TheNamelessOne's ghost (amateur OgMo)
   460 | D:2      | Found an ornate altar of the Wu Jian Council.
   460 | D:2      | Found a burning altar of Makhleb.
   469 | D:2      | Found a radiant altar of Vehumet.
   474 | D:2      | Became a worshipper of Makhleb the Destroyer
   524 | D:4      | Reached XP level 5. HP: 33/33 MP: 5/5
   529 | D:4      | Found a shimmering altar of Xom.
   743 | D:5      | Entered Level 5 of the Dungeon
   788 | D:5      | Reached XP level 6. HP: 32/39 MP: 6/6
   846 | D:5      | Noticed Menkaure
   856 | D:5      | Killed Menkaure
  1012 | D:5      | Reached * piety under Makhleb
  1012 | D:5      | Reached XP level 7. HP: 22/44 MP: 7/7
  1047 | D:6      | Reached skill level 5 in Fighting
  1065 | D:6      | Reached skill level 5 in Armour
  1106 | D:6      | Reached skill level 5 in Maces & Flails
  1165 | D:6      | Reached skill level 5 in Shields
  1216 | D:6      | Found a transporter.
  1217 | D:6      | Noticed a wraith
  1218 | D:6      | Found a transporter.
  1222 | D:6      | Noticed a hungry ghost
  1252 | D:6      | Noticed a wraith
  1255 | D:6      | Found an ancient bone altar of Kikubaaqudgha.
  1352 | D:7      | HP: 2/44 [phantom (4)]
  1360 | D:7      | HP: 2/44 [phantom (1)]
  1370 | D:7      | HP: 2/44 [phantom (1)]
  1380 | D:7      | Slain by a phantom

Vault maps used:
D:1:      dpeg_arrival_boxorama, serial_forest, infiniplex_forest_lined_ring,
          infiniplex_forest_clump_medium, infiniplex_forest_corner_1,
          infiniplex_forest_straight_2, infiniplex_forest_clump_small,
          infiniplex_forest_clump_small
D:2:      lemuel_blue_sif_altar, nicolae_overflow_hidden_temple,
          minmay_pentomino_v4
D:3:      biasface_ghost_orc_armoury
D:4:      fedhas_altar_3, old_standard_altar, nemelex_xobeh_ov_fountains_minmay,
          minmay_temple_entry_statues_pillars, first_ration,
          kennysheep_generic_room_4, uniq_crazy_yiuf_cottage
D:5:      marbit_many_paths, uniq_menkaure
D:6:      gammafunk_temple_of_torment, kennysheep_mini_moat
D:7:      minmay_cornered_nines

Skill      XL: |  1  2  3  4  5  6  7 |
---------------+----------------------+-----
Maces & Flails | 3 4 5 |  5.3
Fighting       | 4 5 |  5.2
Armour         | 4 5 |  5.2
Shields        | 4 5 |  5.1

Action                   |  1- 3 |  4- 6 |  7- 9 || total
-------------------------+-------+-------+-------++-------
Melee: Flail             |    77 |   181 |   137 ||   395
Evoke: Wand              |       |       |     1 ||     1
  Use: Potion            |     1 |       |     5 ||     6
 Stab: Invisible         |       |       |     2 ||     2
  Eat: Chunk             |       |       |     2 ||     2
Armor: Scale mail        |    77 |    74 |       ||   151
       Plate armour      |       |    56 |    73 ||   129
       Skin              |       |       |    30 ||    30
Dodge: Dodged            |    39 |    55 |    15 ||   109
Block: Shield            |    77 |   119 |    59 ||   255

Table legend:
 A = Spawn XP
 B = Non-spawn XP
 C = Spawn XP percentage of total XP
 D = Spawn monster count
 E = Non-spawn monster count
 F = Spawn count percentage of total count
 G = Total turns spent on level
                    A         B        C        D         E        F      G
               +---------+---------+-------+---------+---------+-------+---------
         Total |       0 |    1002 |   0.0 |       0 |      69 |   0.0 |  1380
               +---------+---------+-------+---------+---------+-------+---------
           D:1 |       0 |      20 |   0.0 |       0 |      13 |   0.0 |   114
           D:2 |       0 |      18 |   0.0 |       0 |       9 |   0.0 |   127
           D:3 |       0 |      90 |   0.0 |       0 |      16 |   0.0 |   331
           D:4 |       0 |     124 |   0.0 |       0 |       7 |   0.0 |   211
           D:5 |       0 |     441 |   0.0 |       0 |      14 |   0.0 |   289
           D:6 |       0 |     191 |   0.0 |       0 |       6 |   0.0 |   211
           D:7 |       0 |     118 |   0.0 |       0 |       4 |   0.0 |    97
               +---------+---------+-------+---------+---------+-------+---------
